 Dungeon Crawl Stone Soup version 0.20.1-1-g8b1a95d (webtiles) character file.

81 vineage the Covered (level 4, 0/28 HPs)
             Began as a Gargoyle Fighter on Sept 11, 2017.
             Slain by Chisa's ghost (5 damage)
             ... on level 3 of the Dungeon.
             The game lasted 00:03:24 (1484 turns).

vineage the Covered (Gargoyle Fighter)              Turns: 1484, Time: 00:03:26

Health: 0/28       AC: 10    Str: 21    XL:     4   Next: 40%
Magic:  4/4        EV:  7    Int:  8    God:
Gold:   129        SH:  9    Dex:  9    Spells: 3/3 levels left

rFire    . . .     SeeInvis .   a - +0 flail
rCold    . . .     Gourm    .   c - +0 shield
rNeg     + . .     Faith    .   b - +0 scale mail
rPois    ∞         Spirit   .   (no helmet)
rElec    +         Reflect  .   (no cloak)
rCorr    .         Harm     .   (no gloves)
MR       .....                  (no boots)
Stlth    ..........             (no amulet)
Regen    0.1/turn               (no ring)
MPRegen  0.1/turn               (no ring)

@: flying (expiring)
A: negative energy resistance 1, electricity resistance, unbreathing,
petrification resistance, rot immunity, AC +3
a: no special abilities


You were on level 3 of the Dungeon.
You were not hungry.

You visited 1 branch of the dungeon, and saw 3 of its levels.

You collected 129 gold pieces.

Inventory:

Hand Weapons
 a - a +0 flail (weapon)
Armour
 b - a +0 scale mail (worn)
 c - a +0 shield (worn)
Scrolls
 d - a scroll of teleportation {unknown}
 e - a scroll of noise {unknown}
 g - 2 scrolls of identify {unknown}
 h - a scroll of remove curse {unknown}
 j - a scroll of magic mapping {unknown}
 l - a scroll of amnesia {unknown}
Comestibles
 f - 5 bread rations
 i - 3 fruits
 m - a meat ration


   Skills:
 + Level 3.5 Fighting
 + Level 3.1 Maces & Flails
 + Level 3.9 Armour
 + Level 0.7 Dodging
 + Level 3.8 Shields


You had 3 spell levels left.
You didn't know any spells.

Dungeon Overview and Level Annotations

Branches:
Dungeon (3/15)

Altars:

Annotations:
D:3 Chisa's ghost, amateur TrMo


Innate Abilities, Weirdness & Mutations

You are resistant to torment.
Your stone body is resilient. (AC +3)
You are immune to poison.
You resist negative energy. (rN+)
You are resistant to electric shocks. (rElec)
You can survive without breathing.
You are immune to petrification.
You are immune to rotting.


Message History

Your shield and scale mail prevent you from hitting Chisa's ghost.
Chisa's ghost is severely damaged.
You block Chisa's ghost's attack.
You closely miss Chisa's ghost.
Chisa's ghost is severely damaged.
Chisa's ghost barely misses you.
You closely miss Chisa's ghost.
Chisa's ghost is severely damaged.
Chisa's ghost hits you.
* * * LOW HITPOINT WARNING * * *
Chisa's ghost hits you.
* * * LOW HITPOINT WARNING * * *
You closely miss Chisa's ghost.
Chisa's ghost is severely damaged.
You are starting to lose your buoyancy.
Chisa's ghost barely misses you.
You hit Chisa's ghost.
Chisa's ghost is almost destroyed.
Chisa's ghost hits you.
You die...

#. #### #.#+#.[#
#......#
##......######
+!....... ...
#...#.##.#.####
#...@W......
#.....#[####
#.##### #.#...#
#..<..#
#.#...############
#.........<.......
#.#########.######
#. ...


You could see Chisa's ghost.

Vanquished Creatures
  Robin (D:2)
  An ooze (D:1)
  3 worms
  2 leopard geckos
  6 giant cockroaches
  12 goblins
  6 hobgoblins
  3 jackals (D:1)
  A ball python (D:1)
  6 bats
  4 kobolds
  5 rats
50 creatures vanquished.

Notes
Turn   | Place    | Note
-------+----------+-------------------------------------------
     0 | D:1      | vineage the Gargoyle Fighter began the quest for the Orb.
     0 | D:1      | Reached XP level 1. HP: 14/14 MP: 1/1
   110 | D:1      | Reached XP level 2. HP: 18/19 MP: 2/2
   393 | D:1      | Reached XP level 3. HP: 19/23 MP: 3/3
   621 | D:2      | Found a faded altar of an unknown god.
   645 | D:2      | Noticed Robin
   677 | D:2      | HP: 1/34 [goblin/club[Robin] (3)]
   689 | D:2      | Killed Robin
   689 | D:2      | Reached XP level 4. HP: 2/28 MP: 4/4
  1457 | D:3      | Noticed Chisa's ghost (amateur TrMo)
  1484 | D:3      | Slain by Chisa's ghost

Skill      XL: |  1  2  3 |
---------------+----------+-----
Maces & Flails | 3 |  3.1
Fighting       | |  3.5
Armour         | |  3.9
Dodging        | |  0.7
Shields        | |  3.8

Action                   |  1- 3 |  4- 6 || total
-------------------------+-------+-------++-------
Melee: Flail             |   113 |    72 ||   185
  Use: Potion            |     3 |     1 ||     4
  Eat: Chunk             |       |     2 ||     2
Armor: Scale mail        |    65 |    45 ||   110
       Skin              |    55 |       ||    55
Dodge: Dodged            |    53 |    21 ||    74
Block: Shield            |    93 |    26 ||   119
